 Dungeon Crawl Stone Soup version 0.18.1-6-gd335043 (webtiles) character file.

189 lightmor the Ruffian (level 5, 0/60 HPs)
             Began as a Draconian Transmuter on May 18, 2016.
             Succumbed to HungrySpirit's ghost's poison
             ... on level 3 of the Dungeon.
             The game lasted 00:07:05 (3542 turns).

lightmor the Ruffian (Draconian Transmuter)         Turns: 3542, Time: 00:07:06

Health: 0/60       AC:  7    Str: 18    XL:     5   Next: 40%
Magic:  3/8        EV: 12    Int: 13    God:
Gold:   65         SH:  0    Dex: 12    Spells: 3 memorised, 2 levels left

rFire  + . .     SeeInvis .       - Unarmed
rCold  x . .     Gourm    .     (armour unavailable)
rNeg   . . .     Faith    .     (no shield)
rPois  .         Spirit   .     (helmet restricted)
rElec  .         Dismiss  .     (no cloak)
rCorr  .         Reflect  .     d - +1 pair of gloves
SustAt .         Harm     .     (no boots)
MR     .....                    (no amulet)
Stlth  ..........               (no ring)
                                i - ring of fire

@: berserking, lethally poisoned (0 -> -31), flying, very slightly contaminated,
drained, very quick, not resistant to hostile enchantments, extremely unstealthy
A: unfitting armour, cold-blooded, AC +5
a: no special abilities


You were on level 3 of the Dungeon.
You were hungry.

You visited 1 branch of the dungeon, and saw 3 of its levels.

You collected 65 gold pieces.

Inventory:

Missiles
 a - 18 arrows
Armour
 d - a +1 pair of gloves (worn)
 j - a +0 shield
Jewellery
 i - a ring of fire (left hand)
Wands
 p - a wand of polymorph (16/24)
Scrolls
 e - a scroll of fear
 g - 4 scrolls of remove curse
 k - a scroll of blinking {unknown}
 o - 2 scrolls of enchant weapon {unknown}
 r - a scroll of identify
Potions
 h - a potion of invisibility
 m - a potion of cure mutation
 n - a potion of ambrosia {unknown}
Books
 b - a book of Changes

   Spells                             Type                      Level
   a - Beastly Appendage              Transmutation                1
   b - Sticks to Snakes               Transmutation                2
   c - Spider Form                    Transmutation/Poison         3
   d - Ice Form                       Ice/Transmutation            4
   e - Blade Hands                    Transmutation                5
Comestibles
 c - 5 bread rations
 s - a meat ration


   Skills:
 - Level 1.1(1.0) Fighting
 - Level 1.7(1.6) Dodging
 * Level 6.2(6.0) Unarmed Combat
 - Level 2.0(1.8) Spellcasting
 - Level 2.0(1.8) Transmutations


You had 2 spell levels left.
You knew the following spells:

 Your Spells              Type           Power        Failure   Level  Hunger
a - Beastly Appendage     Trmt           #.....       14%         1    ##.....
b - Sticks to Snakes      Trmt           #.......     21%         2    ###....
c - Spider Form           Trmt/Pois      #.........   65%         3    ####...


Dungeon Overview and Level Annotations

Branches:
Dungeon (3/15)

Altars:
Ru


Innate Abilities, Weirdness & Mutations

Your plain brown scales are hard (AC +5).
Your body does not fit into most forms of armour.
You are cold-blooded and may be slowed by cold attacks.


Message History

A red film seems to cover your vision as you go berserk!
You feel yourself moving faster!
You feel mighty!
* * * LOW HITPOINT WARNING * * *
You feel very sick.
Your ball python barely misses HungrySpirit's ghost.
HungrySpirit's ghost hits you.
* * * LOW HITPOINT WARNING * * *
You are more poisoned.
You barely miss HungrySpirit's ghost. You tail-slap HungrySpirit's ghost.
You destroy HungrySpirit's ghost!
Your base Unarmed Combat skill increases to level 6!
You have reached level 5!
* * * LOW HITPOINT WARNING * * *
You feel sick.
You are too berserk!
You are too berserk!
* * * LOW HITPOINT WARNING * * *
You feel sick.
You feel a strong urge to attack something.
You die...

#.....####.........###..[.....#
#........'.........).)[........
#.#...####.........###....###.#
#.##.## ##.......## #........#
#.#### ##.....## ####.##### #.#
##...## #.# #.# ##'## #.# #.#
#.##########.# #.#
#@...........# #.#
##S############ #.# ##...## #.#
####.....# #.#######.###...##
#........#.###.##
#######.###....# ##.#.###.#
##.## #.#


You could see a friendly ball python.

Vanquished Creatures
  The ghost of HungrySpirit the Insei, an amateur OpTm (D:3)
  Jessica (D:3)
  An adder (D:3)
  An ooze (D:2)
  2 worms
  A giant gecko (D:3)
  7 orcs (D:3)
  6 giant cockroaches
  8 goblins
  5 hobgoblins
  6 jackals
  2 quokkas (D:3)
  3 ball pythons
  9 bats
  4 giant newts
  4 kobolds
  8 rats
69 creatures vanquished.

Notes
Turn   | Place    | Note
--------------------------------------------------------------
     0 | D:1      | lightmor the Draconian Transmuter began the quest for the Orb.
     0 | D:1      | Reached XP level 1. HP: 16/16 MP: 3/3
   390 | D:1      | Reached XP level 2. HP: 23/23 MP: 5/5
   731 | D:1      | Reached skill level 4 in Unarmed Combat
  1036 | D:2      | Reached XP level 3. HP: 28/28 MP: 6/6
  2118 | D:3      | Learned a level 2 spell: Sticks to Snakes
  2122 | D:3      | Learned a level 3 spell: Spider Form
  2125 | D:3      | Noticed Jessica
  2142 | D:3      | Killed Jessica
  2142 | D:3      | Reached skill level 5 in Unarmed Combat
  2142 | D:3      | Reached XP level 4. HP: 9/35 MP: 7/7
  2763 | D:3      | Found a sacrificial altar of Ru.
  2791 | D:3      | Noticed HungrySpirit's ghost (amateur OpTm)
  3540 | D:3      | Killed HungrySpirit's ghost
  3540 | D:3      | Reached skill level 6 in Unarmed Combat
  3540 | D:3      | Reached XP level 5. HP: 5/40 MP: 2/8
  3541 | D:3      | HP: 2/60 [poisoned by HungrySpirit's ghost]
  3542 | D:3      | Succumbed to HungrySpirit's ghost's poison

Skill      XL: |  1  2  3  4 |
---------------+-------------+-----
Unarmed Combat | 4 5 6 |  6.2
Fighting       | |  1.1
Dodging        | |  1.7
Spellcasting   | |  2.0
Transmutations | |  2.0

Action                   |  1- 3 |  4- 6 || total
-------------------------+-------+-------++-------
Melee: Unarmed           |   165 |    94 ||   259
       Tailslap          |    16 |     8 ||    24
       Punch             |       |     3 ||     3
 Cast: Sticks to Snakes  |       |     3 ||     3
  Use: Scroll            |     5 |       ||     5
       Potion            |     1 |     2 ||     3
 Stab: Sleeping          |     1 |       ||     1
  Eat: Chunk             |     4 |     4 ||     8
Armor: Skin              |    65 |    34 ||    99
Dodge: Dodged            |   130 |    55 ||   185
